Map: Oxide LE

Players

MarineLorD - Winner!

  • Race: Terran Terran
  • League: Master

Denver

  • Race: Zerg Zerg
  • League: Master

Event: DreamHack SC2 Masters 2021 Summer

VOD

Have the link to the VOD?

Description

Time

  • Played on: May 26, 2021, 10:43 a.m.
  • Length: 3:33

All games in this series

Show
View Real Time Build Order
Export as new Build Order

MarineLorD Terran - Winner!

Build Orders:  

Get SALT Encoding   

  12  0:00  SCV  
  13  0:12  SCV  
  14  0:17  Supply Depot  
  14  0:24  SCV  
  15  0:39  Barracks  
  16  0:49  Barracks  
  15  0:52  SCV  
  16  1:04  SCV  
  17  1:16  SCV  
  18  1:25  Marine  
  18  1:28  Orbital Command  
  19  1:33  Supply Depot  
  19  1:36  Marine  
  20  1:43  Marine  
  21  1:52  Bunker  
  21  1:54  Marine  
  22  1:56  Bunker  
  22  2:02  SCV  
  22  2:03  Bunker  
  22  2:04  Marine  
  24  2:10  Refinery  
  24  2:11  Marine  
  24  2:14  SCV  
  26  2:24  Supply Depot  
  26  2:27  SCV, Marine  
  28  2:30  Marine  
  29  2:39  SCV  
  30  2:45  Marine  
  30  2:47  Marine  
  30  2:51  SCV  
  33  3:02  Marine  
  33  3:03  SCV  
  33  3:05  Marine  
  36  3:15  SCV  
  37  3:25  Factory  
  37  3:28  Command Center  
Show
View Real Time Build Order
Export as new Build Order

Denver Zerg 

Build Orders: Hatch First 

Get SALT Encoding   

  12  0:00  Drone  
  13  0:12  Overlord  
  13  0:18  Drone  
  14  0:31  Drone x2  
  16  0:48  Hatchery  
  15  0:52  Drone  
  15  0:54  Drone  
  17  0:58  Drone  
  18  1:11  Spawning Pool  
  17  1:15  Drone  
  18  1:23  Drone  
  19  1:31  Drone  
  20  1:59  Queen, Zergling x4  
  24  2:02  Queen  
  25  2:11  Spine Crawler x2  
  23  2:18  Spine Crawler  
  23  2:21  Drone  
  23  2:27  Zergling x2  
  24  2:34  Drone  
  24  2:42  Drone  
  24  2:43  Drone  
  25  2:51  Overlord  
  27  3:00  Zergling x2  
  28  3:06  Overlord  
  28  3:11  Zergling x2  
  28  3:12  Zergling x2  
  30  3:16  Zergling x2  
  30  3:21  Spine Crawler  
Tags
 
Add a new tag
Caveats
  • Supply blocks, unpowered buildings, or Contaminate may cause inaccurate times.
  • Supply counts are checked every 10 seconds.